WIN
TORONTO (WIN) BLUE JAYS @ SAN DIEGO (WIN) PADRES
12/12/2045
 
TOP OF THE 1ST
Toronto (WIN) Blue Jays batting - Pitching for San Diego (WIN) Padres : RHP Carlos Sepulveda
Pitching: RHP Carlos Sepulveda
Batting: LHB Yoshinari Nara 0-0: Ball
1-0: Ball
2-0: Ball
3-0: Base on Balls
Batting: RHB Finn Ross 0-0: Fly out, F9 (Flyball, 9D, EV 96.2 MPH)
Batting: RHB Danny Burnside 0-0: Foul Ball, location: 2F
0-1: Ball
1-1: Ball
2-1: Foul Ball, location: 2F
2-2: Ball
3-2: Foul Ball, location: 2F
3-2: Fly out, F9 (Flyball, 9S, EV 86.9 MPH)
Batting: SHB Jack Andrews 0-0: Called Strike
Yoshinari Nara is caught stealing 2nd base 2-6
Top of the 1st over - 0 runs, 0 hits, 0 errors, 0 left on base; Toronto (WIN) 0 - San Diego (WIN) 0
BOTTOM OF THE 1ST
San Diego (WIN) Padres batting - Pitching for Toronto (WIN) Blue Jays : LHP Jon Sosa
Pitching: LHP Jon Sosa
Batting: LHB Chris Moody 0-0: Ball
1-0: Ball
2-0: Ball
3-0: Base on Balls
Batting: SHB Adam Martin 0-0: Ball
1-0: Foul Ball, location: 2F
1-1: Ball
2-1: Ball
3-1: Foul Ball, location: 2F
3-2: SINGLE (Groundball, 34D, EV 95.0 MPH)
Chris Moody to second
Chris Moody to third
Batting: RHB Juan Martinez 0-0: Ball
1-0: Fly out, F6 (Popup, 56, EV 57.5 MPH)
Batting: SHB Devin Hottenstein 0-0: Called Strike
Adam Martin steals 2nd base
0-1: Swinging Strike
0-2: Ball
1-2: Strikes out swinging
Batting: LHB Angel Mejia 0-0: Ball
1-0: Fly out, F7 (Flyball, 78XD, EV 106.9 MPH)
Bottom of the 1st over - 0 runs, 1 hit, 0 errors, 2 left on base; Toronto (WIN) 0 - San Diego (WIN) 0
TOP OF THE 2ND
Toronto (WIN) Blue Jays batting - Pitching for San Diego (WIN) Padres : RHP Carlos Sepulveda
Batting: SHB Jack Andrews 0-0: Foul Ball, location: 2F
0-1: Swinging Strike
0-2: Foul Ball, location: 2F
0-2: Reached on error, E3 (Groundball, 34, EV 89.4 MPH)
Batting: RHB Jordan Fairburn 0-0: Called Strike
Jack Andrews is caught stealing 2nd base 2-4
0-1: Swinging Strike
0-2: Ball
1-2: Ball
2-2: Ball
3-2: SOLO HOME RUN (Line Drive, 9D, EV 114.4 MPH), Distance : 405 ft
Batting: SHB Spencer Jones 0-0: Called Strike
0-1: Ball
1-1: Ball
2-1: Fly out, F5 (Popup, 5D, EV 69.4 MPH)
Batting: RHB Cyril Husson 0-0: Ball
1-0: Foul Ball, location: 2F
1-1: Called Strike
1-2: Foul Ball, location: 2F
1-2: Ball
2-2: Strikes out swinging
Top of the 2nd over - 1 run, 1 hit, 1 error, 0 left on base; Toronto (WIN) 1 - San Diego (WIN) 0
BOTTOM OF THE 2ND
San Diego (WIN) Padres batting - Pitching for Toronto (WIN) Blue Jays : LHP Jon Sosa
Batting: RHB Rodolfo Rivera 0-0: Swinging Strike
0-1: Ball
1-1: Ball
2-1: Swinging Strike
2-2: Strikes out swinging
Batting: RHB Bryan Pitcher 0-0: Called Strike
0-1: Ball
1-1: Foul Ball, location: 2F
1-2: Ball
2-2: Strikes out looking
Batting: LHB Joseph Martin 0-0: Ground out 6-3 (Groundball, P, EV 86.2 MPH)
Bottom of the 2nd over - 0 runs, 0 hits, 0 errors, 0 left on base; Toronto (WIN) 1 - San Diego (WIN) 0
TOP OF THE 3RD
Toronto (WIN) Blue Jays batting - Pitching for San Diego (WIN) Padres : RHP Carlos Sepulveda
Batting: RHB Darren McCarty Jr. 0-0: Swinging Strike
0-1: Called Strike
0-2: Ball
1-2: Foul Ball, location: 2F
1-2: Ball
2-2: Strikes out swinging
Batting: RHB Bryan Peterson 0-0: Ball
1-0: Called Strike
1-1: Swinging Strike
1-2: Ball
2-2: Strikes out swinging
Batting: LHB Yoshinari Nara 0-0: Swinging Strike
0-1: Swinging Strike
0-2: Ground out 1-3 (Groundball, 13, EV 72.5 MPH)
Top of the 3rd over - 0 runs, 0 hits, 0 errors, 0 left on base; Toronto (WIN) 1 - San Diego (WIN) 0
BOTTOM OF THE 3RD
San Diego (WIN) Padres batting - Pitching for Toronto (WIN) Blue Jays : LHP Jon Sosa
Batting: RHB Min-chin Yi 0-0: Ground out U3 (Groundball, 3S, EV 81.2 MPH)
Batting: LHB Chris Moody 0-0: Called Strike
0-1: Swinging Strike
0-2: Strikes out swinging
Batting: SHB Adam Martin 0-0: Fly out, F8 (Flyball, 8RD, EV 88.1 MPH)
Bottom of the 3rd over - 0 runs, 0 hits, 0 errors, 0 left on base; Toronto (WIN) 1 - San Diego (WIN) 0
TOP OF THE 4TH
Toronto (WIN) Blue Jays batting - Pitching for San Diego (WIN) Padres : RHP Carlos Sepulveda
Batting: RHB Finn Ross 0-0: Called Strike
0-1: Swinging Strike
0-2: Ball
1-2: Ball
2-2: SINGLE (Groundball, 6MD, EV 108.1 MPH)
Batting: RHB Danny Burnside 0-0: Ball
1-0: SINGLE (Line Drive, 3D, EV 106.2 MPH)
Finn Ross to second
Batting: SHB Jack Andrews 0-0: Ball
Finn Ross steals 3rd base
Danny Burnside to second
1-0: SINGLE (Line Drive, 8RS, EV 100.0 MPH)
Finn Ross scores
Danny Burnside to third
Runner from 3rd tries for Home, SAFE, throw by CF to home
Batting: RHB Jordan Fairburn 0-0: Ball
1-0: Ball
Wild Pitch!
Jack Andrews to second
2-0: Called Strike
2-1: Ball
3-1: Swinging Strike
3-2: Ground out U3 (Groundball, 13, EV 82.5 MPH)
Jack Andrews to third
Batting: SHB Spencer Jones 0-0: Swinging Strike
0-1: Ball
1-1: Swinging Strike
1-2: Foul Ball, location: 2F
1-2: Ball
2-2: Ground out U3 (Groundball, 3S, EV 85.0 MPH)
Batting: RHB Cyril Husson 0-0: Called Strike
0-1: SINGLE (Groundball, 4M, EV 105.0 MPH) (infield hit)
Jack Andrews scores
Batting: RHB Darren McCarty Jr. 0-0: Called Strike
0-1: Ball
1-1: Ball
2-1: Called Strike
2-2: Strikes out swinging
Top of the 4th over - 3 runs, 4 hits, 0 errors, 1 left on base; Toronto (WIN) 4 - San Diego (WIN) 0
BOTTOM OF THE 4TH
San Diego (WIN) Padres batting - Pitching for Toronto (WIN) Blue Jays : LHP Jon Sosa
Batting: RHB Juan Martinez 0-0: Ball
1-0: Foul Ball, location: 2F
1-1: Ball
2-1: Foul Ball, location: 2F
2-2: Strikes out swinging
Batting: SHB Devin Hottenstein 0-0: Swinging Strike
0-1: Ball
1-1: Ball
2-1: Ball
3-1: Called Strike
3-2: Base on Balls
Batting: LHB Angel Mejia 0-0: Called Strike
0-1: Ground out 3-1 (Groundball, 13, EV 80.0 MPH)
Devin Hottenstein to second
Batting: RHB Rodolfo Rivera 0-0: Fly out, F9 (Line Drive, 9, EV 106.9 MPH)
Bottom of the 4th over - 0 runs, 0 hits, 0 errors, 1 left on base; Toronto (WIN) 4 - San Diego (WIN) 0
TOP OF THE 5TH
Toronto (WIN) Blue Jays batting - Pitching for San Diego (WIN) Padres : RHP Carlos Sepulveda
Batting: RHB Bryan Peterson 0-0: Called Strike
0-1: Ball
1-1: Ground out 5-3 (Groundball, 56S, EV 80.0 MPH)
Batting: LHB Yoshinari Nara 0-0: Ball
1-0: Fly out, F8 (Flyball, 8RD, EV 99.4 MPH)
Batting: RHB Finn Ross 0-0: Called Strike
0-1: Ball
1-1: Swinging Strike
1-2: Foul Ball, location: 2F
1-2: Fly out, F8 (Flyball, 8RD, EV 95.0 MPH)
Top of the 5th over - 0 runs, 0 hits, 0 errors, 0 left on base; Toronto (WIN) 4 - San Diego (WIN) 0
BOTTOM OF THE 5TH
San Diego (WIN) Padres batting - Pitching for Toronto (WIN) Blue Jays : LHP Jon Sosa
Batting: RHB Bryan Pitcher 0-0: Ball
1-0: Swinging Strike
1-1: Foul Ball, location: 2F
1-2: Strikes out looking
Batting: LHB Joseph Martin 0-0: Called Strike
0-1: Ball
1-1: Ball
2-1: Ball
3-1: Swinging Strike
3-2: Base on Balls
Batting: RHB Min-chin Yi 0-0: Ball
1-0: Ball
2-0: Ball
3-0: Base on Balls
Joseph Martin to second
Batting: LHB Chris Moody 0-0: Called Strike
0-1: Fly out, F7 (Line Drive, 7, EV 110.6 MPH)
Batting: SHB Adam Martin 0-0: Ball
1-0: Called Strike
1-1: Ball
2-1: Called Strike
2-2: Ball
3-2: Foul Ball, location: 2F
3-2: Base on Balls
Joseph Martin to third
Min-chin Yi to second
Batting: RHB Juan Martinez 0-0: Ball
1-0: Foul Ball, location: 2F
1-1: Foul Ball, location: 2F
1-2: Strikes out swinging
Bottom of the 5th over - 0 runs, 0 hits, 0 errors, 3 left on base; Toronto (WIN) 4 - San Diego (WIN) 0
TOP OF THE 6TH
Toronto (WIN) Blue Jays batting - Pitching for San Diego (WIN) Padres : RHP Carlos Sepulveda
Batting: RHB Danny Burnside 0-0: Ball
1-0: Ball
2-0: Ball
3-0: Foul Ball, location: 2F
3-1: Called Strike
3-2: Base on Balls
Batting: SHB Jack Andrews 0-0: SINGLE (Line Drive, 7S, EV 97.5 MPH)
Danny Burnside to second
Batting: RHB Jordan Fairburn 0-0: Called Strike
0-1: Foul Ball, location: 2F
0-2: Ball
1-2: Strikes out swinging
Batting: SHB Spencer Jones 0-0: Ball
1-0: Fly out, F6 (Popup, 4MD, EV 68.1 MPH)
Pitching: RHP Andy Dunmire
Batting: RHB Cyril Husson 0-0: Ball
1-0: Called Strike
1-1: Swinging Strike
1-2: Strikes out swinging
Top of the 6th over - 0 runs, 1 hit, 0 errors, 2 left on base; Toronto (WIN) 4 - San Diego (WIN) 0
BOTTOM OF THE 6TH
San Diego (WIN) Padres batting - Pitching for Toronto (WIN) Blue Jays : LHP Jon Sosa
Batting: SHB Devin Hottenstein 0-0: Ground out 6-3 (Groundball, 6M, EV 105.0 MPH)
Batting: LHB Angel Mejia 0-0: Ball
1-0: Fly out, F7 (Line Drive, 78M, EV 86.2 MPH)
Batting: RHB Rodolfo Rivera 0-0: Called Strike
0-1: Foul Ball, location: 2F
0-2: Fly out, F9 (Line Drive, 9S, EV 90.6 MPH)
Bottom of the 6th over - 0 runs, 0 hits, 0 errors, 0 left on base; Toronto (WIN) 4 - San Diego (WIN) 0
TOP OF THE 7TH
Toronto (WIN) Blue Jays batting - Pitching for San Diego (WIN) Padres : RHP Andy Dunmire
Batting: RHB Darren McCarty Jr. 0-0: Called Strike
0-1: Swinging Strike
0-2: Strikes out swinging
Batting: RHB Bryan Peterson 0-0: Swinging Strike
0-1: Ground out 5-3 (Groundball, 56, EV 101.2 MPH)
Batting: LHB Yoshinari Nara 0-0: Foul Ball, location: 2F
0-1: DOUBLE (Line Drive, 78D, EV 101.9 MPH)
Batting: RHB Finn Ross 0-0: Ground out 5-3 (Groundball, 56S, EV 86.2 MPH)
Top of the 7th over - 0 runs, 1 hit, 0 errors, 1 left on base; Toronto (WIN) 4 - San Diego (WIN) 0
BOTTOM OF THE 7TH
San Diego (WIN) Padres batting - Pitching for Toronto (WIN) Blue Jays : LHP Jon Sosa
Batting: RHB Bryan Pitcher 0-0: Ball
1-0: Called Strike
1-1: Swinging Strike
1-2: Ground out 4-3 (Groundball, 4, EV 105.6 MPH)
Batting: LHB Joseph Martin 0-0: Swinging Strike
0-1: Ball
1-1: Ball
2-1: Foul Ball, location: 2F
2-2: Ball
3-2: Foul Ball, location: 2F
3-2: Base on Balls
Batting: RHB Min-chin Yi 0-0: Called Strike
0-1: Ball
1-1: Ball
2-1: Fly out, F9 (Flyball, 89D, EV 104.4 MPH)
Batting: LHB Chris Moody 0-0: Called Strike
0-1: Swinging Strike
0-2: Foul Ball, location: 2F
0-2: Fly out, F9 (Flyball, 89S, EV 84.4 MPH)
Bottom of the 7th over - 0 runs, 0 hits, 0 errors, 1 left on base; Toronto (WIN) 4 - San Diego (WIN) 0
TOP OF THE 8TH
Toronto (WIN) Blue Jays batting - Pitching for San Diego (WIN) Padres : RHP Andy Dunmire
Batting: RHB Danny Burnside 0-0: Ball
1-0: Swinging Strike
1-1: Foul Ball, location: 2F
1-2: Ball
2-2: Strikes out swinging
Batting: SHB Jack Andrews 0-0: SOLO HOME RUN (Flyball, 89XD, EV 105.0 MPH), Distance : 435 ft
Batting: RHB Jordan Fairburn 0-0: Ground out 5-3 (Groundball, 25, EV 81.2 MPH)
Batting: SHB Spencer Jones 0-0: Ball
1-0: Ball
2-0: Ground out 4-3 (Groundball, 4, EV 110.0 MPH)
Top of the 8th over - 1 run, 1 hit, 0 errors, 0 left on base; Toronto (WIN) 5 - San Diego (WIN) 0
BOTTOM OF THE 8TH
San Diego (WIN) Padres batting - Pitching for Toronto (WIN) Blue Jays : LHP Jon Sosa
Pitching: RHP Takehide Tanaka
Batting: SHB Adam Martin 0-0: Foul Ball, location: 2F
0-1: Ball
1-1: Ball
2-1: Swinging Strike
2-2: Strikes out swinging
Batting: RHB Juan Martinez 0-0: Ball
1-0: Ball
2-0: Foul Ball, location: 2F
2-1: Swinging Strike
2-2: Strikes out swinging
Batting: SHB Devin Hottenstein 0-0: Ground out U3 (Groundball, 34S, EV 88.8 MPH)
Bottom of the 8th over - 0 runs, 0 hits, 0 errors, 0 left on base; Toronto (WIN) 5 - San Diego (WIN) 0
TOP OF THE 9TH
Toronto (WIN) Blue Jays batting - Pitching for San Diego (WIN) Padres : RHP Andy Dunmire
Batting: RHB Cyril Husson 0-0: Ball
1-0: Ball
2-0: Ball
3-0: Base on Balls
Batting: RHB Darren McCarty Jr. 0-0: Called Strike
0-1: Ball
1-1: Ball
2-1: Fielders Choice at 2nd, 5-4 (Groundball, 56, EV 81.2 MPH)
Batting: RHB Bryan Peterson 0-0: Ball
1-0: Foul Ball, location: 2F
1-1: Ball
2-1: Foul Ball, location: 2F
2-2: Foul Ball, location: 2F
2-2: Strikes out swinging
Batting: LHB Yoshinari Nara 0-0: Ball
1-0: Fly out, F8 (Flyball, 8LD, EV 107.5 MPH)
Top of the 9th over - 0 runs, 0 hits, 0 errors, 1 left on base; Toronto (WIN) 5 - San Diego (WIN) 0
BOTTOM OF THE 9TH
San Diego (WIN) Padres batting - Pitching for Toronto (WIN) Blue Jays : RHP Takehide Tanaka
Batting: LHB Angel Mejia 0-0: Called Strike
0-1: Called Strike
0-2: Ball
1-2: Ball
2-2: Foul Ball, location: 2F
2-2: Strikes out looking
Batting: RHB Rodolfo Rivera 0-0: Called Strike
0-1: Foul Ball, location: 2F
0-2: Ball
1-2: Strikes out swinging
Batting: RHB Bryan Pitcher 0-0: Ball
1-0: Called Strike
1-1: Foul Ball, location: 2F
1-2: Foul Ball, location: 2F
1-2: Ground out 5-3 (Groundball, 5, EV 105.0 MPH)
Bottom of the 9th over - 0 runs, 0 hits, 0 errors, 0 left on base; Toronto (WIN) 5 - San Diego (WIN) 0
Wednesday, June 22nd , 2022 - OOTP Baseball 23.4 Build 64